 Dungeon Crawl Stone Soup version 0.30-a0-778-g2ef04afb54 (webtiles) character file.

Game seed: 17825527449807114751

168 theswoord the Chiller (level 5, 0/42 HPs)
             Began as a Naga Ice Elementalist on Feb 15, 2023.
             Slain by an orc
             ... wielding a +0 mace
              (5 damage)
             ... on level 4 of the Dungeon.
             The game lasted 00:03:46 (3212 turns).

theswoord the Chiller (Naga Ice Elementalist)       Turns: 3212, Time: 00:03:46

Health: 0/42       AC:  2    Str: 11    XL:     5   Next: 48%
Magic:  5/10       EV:  9    Int: 17    God:
Gold:   150        SH:  0    Dex: 11    Spells: 4/11 levels left

rFire   . . .      SeeInvis +    e - +0 whip
rCold   . . .      Faith    .    (no shield)
rNeg    . . .      Spirit   .    i - +0 robe {Will+}
rPois   +          Reflect  .    g - +0 hat
rElec   .          Harm     .    (no cloak)
rCorr   .          Rampage  .    (no gloves)
Will    +....                    (no barding)
Stlth   ++                       (no amulet)
HPRegen 0.27/turn                (no ring)
MPRegen 0.12/turn                (no ring)

@: very slow
A: AC +1, large, see invisible, deformed body, poison resistance, slowness 2,
spit poison 1, naga tail 1
a: Spit Poison


You were on level 4 of the Dungeon.
You visited 1 branch of the dungeon, and saw 4 of its levels.

You collected 150 gold pieces.

Inventory:

Hand Weapons
 c - a +0 short sword
 e - a +0 whip (weapon)
Armour
 a - a +0 robe
 g - a +0 hat (worn)
 i - a +0 robe of willpower (worn)
Wands
 s - a wand of light (12)
Scrolls
 f - 2 scrolls of immolation
 t - a scroll of poison
Potions
 b - 3 potions of magic
 d - a potion of berserk rage {unknown}
 h - a potion of degeneration
 j - 2 potions of mutation
 k - 2 potions of curing
 l - 2 potions of heal wounds
 n - a potion of brilliance {unknown}
 o - a potion of attraction {unknown}


   Skills:
 - Level 1.5 Dodging
 - Level 3.0 Stealth
 + Level 3.8 Spellcasting
 + Level 5.4 Ice Magic


You had 4 spell levels left.
You knew the following spells:

 Your Spells              Type           Power      Damage    Failure   Level
a - Freeze                Ice            84%        1d9       1%          1
b - Frozen Ramparts       Ice            42%        1d7       5%          3
c - Ozocubu's Armour      Ice            21%        N/A       5%          3

Your spell library contained the following spells:

 Spells                   Type           Power      Damage    Failure   Level
 Cigotuvi's Dreadful Rot  Necr/Pois/Air  6%         N/A       24%         2
 Poisonous Vapours        Pois/Air       6%         N/A       24%         2
 Kindle Blastsparks       Fire/Tloc/Air  6%         2d10      43%         3
 Mephitic Cloud           Conj/Pois/Air  3%         N/A       43%         3
 Summon Ice Beast         Ice/Summ       12%        N/A       45%         4
 Fulminant Prism          Conj/Hex       1%         3d5       85%         4
 Iskenderun's Mystic Bla  Conj/Tloc      3%         2d3       85%         4
 Lee's Rapid Deconstruct  Erth           1%         3d4*      99%         5


Dungeon Overview and Level Annotations

Branches:
Dungeon (4/15)
 Temple: D:4-7

Altars:
Makhleb
Trog
Wu Jian

Annotations:
D:3 3 runed translucent doors, adozu's ghost, amateur DjHW


Innate Abilities, Weirdness & Mutations

Your serpentine skin is tough. (AC +1)
You have supernaturally acute eyesight. (SInv)
Armour fits poorly on your strangely shaped body.
Your system is resistant to poisons. (rPois)
You cover ground very slowly.
You can spit poison.
You have a snake-like lower body.


Message History

You barely miss the orc wizard.
The orc wizard hits you with a +0 dagger.
The orc hits you from afar with a +1 trident of venom.
You are poisoned.
Aim: an orc wizard, wielding a +0 dagger and wearing a +0 robe You freeze the orc wizard.
You feel very sick.
The orc hits you from afar with a +1 trident of venom!
The orc wizard hits you with a +0 dagger.
Aim: an orc wizard, wielding a +0 dagger and wearing a +0 robe (moderately wounded)
You freeze the orc wizard.
You feel sick.
The orc wizard hits you with a +0 dagger.
The orc closely misses you.
You hit the orc wizard but do no damage.
You feel sick.
The orc wizard hits you with a +0 dagger.
* * * LOW HITPOINT WARNING * * *
The orc hits you from afar with a +1 trident of venom.
* * * LOW HITPOINT WARNING * * *
Aim: an orc wizard, wielding a +0 dagger and wearing a +0 robe (severely wounded)
You freeze the orc wizard!
You kill the orc wizard!
You feel sick. The orc closely misses you.
An orc comes into view.
It is wielding a +0 mace and quivering curare-tipped darts.
You feel sick. The orc barely misses you. x2
Things that are here:
a +0 short sword; an orc corpse
Aim: an orc, wielding a +1 trident of venom You freeze the orc!
You kill the orc!
The orc shouts!
You feel sick.
You hear a shout!
You feel sick.
You feel sick.
You are no longer poisoned.
You barely miss the orc. The orc hits you with a +0 mace!
* * * LOW HITPOINT WARNING * * *
The orc hits you with a +0 mace.
You die...

*,***##.##.############.***,
*,,,.....................,,,
****#.....................,,
#......................,
**#.......................
*,.........)..............
*,#.......))..............
*,#.............!.........
*,#.....o@................
********,#.......................
,,,,,,,,,#.......................
***,**,,*#.......................
*,***,*#)......................
*,* *,,.......................!
*,* ***#.......................
*,* #....................... *,*
*............)..........


You could see an orc.

Vanquished Creatures
  2 orc wizards (D:4)
  5 adders
  2 dart slugs
  7 orcs
  5 bats
  5 endoplasms
  5 giant cockroaches
  5 goblins
  3 hobgoblins
  6 kobolds
  3 quokkas (D:3)
  4 ball pythons
  A frilled lizard (D:2)
  7 rats
60 creatures vanquished.

Notes
Turn   | Place    | Note
-------+----------+-------------------------------------------
     0 | D:1      | theswoord the Naga Ice Elementalist began the quest for the
                  | Orb.
     0 | D:1      | Reached XP level 1. HP: 15/15 MP: 3/3
   303 | D:1      | Reached XP level 2. HP: 15/22 MP: 1/5
  1162 | D:2      | Reached XP level 3. HP: 28/28 MP: 2/7
  2031 | D:3      | Learned a level 3 spell: Frozen Ramparts
  2035 | D:3      | Learned a level 3 spell: Ozocubu's Armour
  2130 | D:3      | Found a burning altar of Makhleb.
  2228 | D:3      | Found a faded altar of an unknown god.
  2281 | D:3      | Found an ornate altar of the Wu Jian Council.
  2366 | D:3      | Found a bloodstained altar of Trog.
  2376 | D:3      | Found a runed translucent gate.
  2378 | D:3      | Found a runed translucent gate.
  2378 | D:3      | Noticed adozu's ghost (amateur DjHW)
  2380 | D:3      | Found a runed translucent gate.
  2388 | D:3      | Reached XP level 4. HP: 16/36 MP: 3/8
  2676 | D:3      | Reached skill level 5 in Ice Magic
  3034 | D:4      | Reached XP level 5. HP: 23/42 MP: 6/10
  3212 | D:4      | Slain by an orc

Skill      XL: |  1  2  3  4 |
---------------+-------------+-----
Spellcasting   | 3 |  3.8
Ice Magic      | 5 |  5.4
Dodging        | |  1.5
Stealth        | |  3.0

Action                     |  1- 3 |  4- 6 || total
---------------------------+-------+-------++-------
  Melee: Whip              |    54 |    23 ||    77
         Short sword       |     1 |       ||     1
         Unarmed           |     1 |       ||     1
         Punch             |     1 |       ||     1
   Cast: Freeze            |    27 |    24 ||    51
         Frozen Ramparts   |     2 |     1 ||     3
    Use: Scroll            |     3 |     8 ||    11
   Stab: Sleeping          |     4 |       ||     4
 Armour: Robe              |    22 |     7 ||    29
  Dodge: Dodged            |    36 |    26 ||    62

Levels and vault maps discovered:
D:1:      saegor_arrival_simple_e, layout_loops_cross, minmay_tetromino_o2
D:2:      layout_loops_cross
D:3:      layout_basic, bloody_trog, lemuel_coloured_pillars_altar,
          nicolae_overflow_hidden_temple, gammafunk_ghost_split,
          basic_ecumenical_altar
D:4:      layout_basic, chei_slow_surprise
